Workbook
Name EQ: '1.99% Promo'!$H$15
Name EQ: '180 Day Promo'!$H$15
Name EQ: '360 Day Promo'!$H$15

Sheet Inputs
B8: DEALER INFORMATION
B10: Dealer Name | C10: Dealer Name
B11: Contact Name | C11: Contact Name
B12: Contact Email | C12: Contact Email
B14: CUSTOMER INFORMATION
B16: Customer Name | C16: Customer Name
B17: Customer Address | C17: Customer Address
B18: Customer City, State, Zip | C18: Customer City, State, Zip
B19: Customer Phone | C19: Customer Phone
B20: Customer Email | C20: Customer Email
B22: EQUIPMENT INFORMATION
B24: Equipment Description | C24: Equipment Description
B25: Equipment Cost | C25: 75000
B30: Phone: 800-945-2644
B31: Fax: 855-636-9493
B32: financesupport@accountservicing.com

Sheet 180 Day Promo
B2: FINANCE QUOTE
B4: DEALER INFORMATION | E4: FINANCING OPTIONS FOR
B6: =+Inputs!C10 -> Dealer Name | E6: =+Inputs!C16 -> Customer Name
B7: =+Inputs!C11 -> Contact Name | E7: =+Inputs!C17 -> Customer Address
B8: =+Inputs!C12 -> Contact Email | E8: =+Inputs!C18 -> Customer City, State, Zip
E9: =+Inputs!C19 -> Customer Phone
E10: =+Inputs!C20 -> Customer Email
B12: EQUIPMENT DESCRIPTION | E12: EQUIPMENT COST
B14: =+Inputs!C24 -> Equipment Description | E14: =+Inputs!C25 -> 75000
B16: NO MONEY DOWN NO PAYMENTS FOR 180 DAYS
B20: PROGRAM | D20: RATE* | F20: ANNUAL PAYMENTS
B22: 3 ANNUAL PAYMENTS | D22: 0.0299 | F22: =+IF($E$14<7500,"$10K Min.",$E$14*0.3485) -> 26137.5
B25: ="Quote Date: "& TEXT(TODAY(),"MM/DD/YY") -> Quote Date: 10/01/26
B27: *Based on suppliers quoted price to you of items to be financed. The actual yield to GreatAmerica may vary.
B28: - Financing underwritten by GreatAmerica Financial Services | G28: - $10,000 minimum deal size
B29: - First annual payment due 180 days from signing | G29: - Pricing effective through 3/31/22
B30: - One-time origination fee will apply | G30: - Rates subject to change without notice
B31: - Applicable taxes to be added | G31: - Additional structures available upon request
B32: - All quotes are subject to credit review, documentation and verification
B37: Phone: 866-288-9957
B38: Fax: 855-636-9493
B39: smgcredit@greatamerica.com

Sheet 360 Day Promo
B2: FINANCE QUOTE
B4: DEALER INFORMATION | E4: FINANCING OPTIONS FOR
B6: =+Inputs!C10 -> Dealer Name | E6: =+Inputs!C16 -> Customer Name
B7: =+Inputs!C11 -> Contact Name | E7: =+Inputs!C17 -> Customer Address
B8: =+Inputs!C12 -> Contact Email | E8: =+Inputs!C18 -> Customer City, State, Zip
E9: =+Inputs!C19 -> Customer Phone
E10: =+Inputs!C20 -> Customer Email
B12: EQUIPMENT DESCRIPTION | E12: EQUIPMENT COST
B14: =+Inputs!C24 -> Equipment Description | E14: =+Inputs!C25 -> 75000
B16: ="10% DOWN - ("&TEXT($E$14*0.1,"$#,##0")&") FOLLOWED BY NO PAYMENTS FOR 360 DAYS" -> 10% DOWN - ($7,500) FOLLOWED BY NO PAYMENTS FOR 360 DAYS
B20: PROGRAM | D20: RATE* | F20: ANNUAL PAYMENTS
B22: 3 ANNUAL PAYMENTS | D22: 0.0299 | F22: =+IF($E$14<7500,"$7.5K Min.",$E$14*0.31837) -> 23877.75
B25: ="Quote Date: "& TEXT(TODAY(),"MM/DD/YY") -> Quote Date: 10/01/26
B27: *Based on suppliers quoted price to you of items to be financed. The actual yield to GreatAmerica may vary.
B28: - Financing underwritten by GreatAmerica Financial Services | G28: - $10,000 minimum deal size
B29: - Down payment due at signing, first annual payment due in 360 days | G29: ='180 Day Promo'!$G$29 -> - Pricing effective through 3/31/22
B30: - One-time origination fee will apply | G30: - Rates subject to change without notice
B31: - Applicable taxes to be added | G31: - Additional structures available upon request
B32: - All quotes are subject to credit review, documentation and verification
B37: Phone: 866-288-9957
B38: Fax: 855-636-9493
B39: smgcredit@greatamerica.com

Sheet 1.99% Promo
B2: FINANCE QUOTE
B4: DEALER INFORMATION | E4: FINANCING OPTIONS FOR
B6: =+Inputs!C10 -> Dealer Name | E6: =+Inputs!C16 -> Customer Name
B7: =+Inputs!C11 -> Contact Name | E7: =+Inputs!C17 -> Customer Address
B8: =+Inputs!C12 -> Contact Email | E8: =+Inputs!C18 -> Customer City, State, Zip
E9: =+Inputs!C19 -> Customer Phone
E10: =+Inputs!C20 -> Customer Email
B12: EQUIPMENT DESCRIPTION | E12: EQUIPMENT COST
B14: =IF(Inputs!$C$24<>"",Inputs!$C$24,"") -> Equipment Description | E14: =+Inputs!C25 -> 75000
B16: ="FIRST PAYMENT DUE AT SIGNING" -> FIRST PAYMENT DUE AT SIGNING
B20: PROGRAM | D20: RATE | F20: ANNUAL PAYMENTS
B22: 6 ANNUAL PAYMENTS | D22: =IF(Rates!$C$4=1,"n/a",Rates!$C$2) -> 0 | F22: =IF(Rates!$C$4=1,"n/a",IF($E$14<7500,"$7.5K Min.",$E$14*Rates!D2)) -> 0
B24: 5 ANNUAL PAYMENTS | D24: =IF(Rates!$C$4=1,"n/a",Rates!#REF!) -> #REF! | F24: =IF(Rates!$C$4=1,"n/a",IF($E$14<7500,"$7.5K Min.",$E$14*Rates!#REF!)) -> #REF!
B26: 4 ANNUAL PAYMENTS | D26: =IF(Rates!$C$4=1,"n/a",Rates!#REF!) -> #REF! | F26: =IF(Rates!$C$4=1,"n/a",IF($E$14<7500,"$7.5K Min.",$E$14*Rates!#REF!)) -> #REF!
B28: 3 ANNUAL PAYMENTS | D28: =IF(Rates!$C$4=1,"n/a",Rates!$C$10) -> 0.0199 | F28: =IF(Rates!$C$4=1,"n/a",IF($E$14<10000,"$10K Min.",$E$14*Rates!$D$10)) -> 25498.725
B30: 3 ANNUAL PAYMENTS | D30: 0.0399 | F30: =+IF($E$14<10000,"$10K Min.",$E$14*0.3183) -> 23872.5
B32: ="Quote Date: "& TEXT(TODAY(),"MM/DD/YY") -> Quote Date: 10/01/26
G33: - First payment due 30 days from signing
B34: - Promotional finance rates are for new orders only and allow up to 10% | G34: - $10,000 minimum deal size
B35: of the order total to be labor/installation. If labor is more than 10% | G35: ="- Pricing effective through "&TEXT(Rates!C3,"mm/dd/yyyy") -> - Pricing effective through 12/31/2026
B36: of the order, the overage will be financed at standard rates. | G36: - Rates subject to change without notice
B37: - Financing underwritten by GreatAmerica Financial Services | G37: - One-time origination fee will apply
B38: - All quotes are subject to credit review, documentation and verification | G38: - Applicable taxes to be added
B39: =IF(Rates!C4=0,"","Quote Tool outside of effective pricing dates. Please contact GreatAmerica at the email below to request an update.")
B44: =+Inputs!B30 -> Phone: 800-945-2644
B45: Fax: 855-636-9493
B46: financesupport@accountservicing.com
B52: - Down payment due at signing, first annual payment due in 180 days

Sheet Application
U1: Program | V1: Term
U2: 180 Day Promo | V2: 29
B3: VENDOR INFORMATION | U3: 360 Day Promo | V3: 36
B4: Vendor Name | I4: Vendor Address | P4: Vendor Phone | U4: 4 Annuals | V4: 42
B5: =Inputs!$C$10 -> Dealer Name | U5: 5 Annuals | V5: 54
B6: Sales Rep Name | I6: Sales Rep Email | P6: Sales Rep Phone | U6: 6 Annuals | V6: 66
B7: =Inputs!$C$11 -> Contact Name | I7: =Inputs!$C$12 -> Contact Email
B8: CUSTOMER INFORMATION
B9: Full Legal Name of Business
B10: =Inputs!$C$16 -> Customer Name
B11: Billing Address | M11: City/State/Zip Code
B12: =Inputs!$C$17 -> Customer Address | M12: =Inputs!$C$18 -> Customer City, State, Zip
B13: Contact Name: | N13: Title
B15: Telephone No. | G15: Fax No | J15: Cell No. | M15: Email Address
J16: =Inputs!$C$19 -> Customer Phone | M16: =Inputs!$C$20 -> Customer Email
B17: Description of Business
B19: Prop | D19: Partner | F19: Corp | G19: LLC | H19: No. of Employees | J19: Year Est. | L19: Additional Notes
B21: FARM INFORMATION
B22: Gross Farm Sales | F22: Net Non-Farm Income | I22: Acres Owned | K22: Acres Rented | M22: County/Township | O22: Livestock Type | R22: Herd Size
B24: PERSONAL DATA (ON MAJOR STOCKHOLDERS, PARTNERS, OR PROPRIETORS)
B25: Name | H25: Home Address | L25: City | N25: State | O25: Zip Code | Q25: Social Security No.
B27: Name | H27: Home Address | L27: City | N27: State | O27: Zip Code | Q27: Social Security No.
B29: EQUIPMENT
B30: TYPE, MAKE, MODEL, NUMBER AND INCLUDED ACCESSORIES | O30: SERIAL NUMBER | R30: NEW/USED
B35: FINANCE TERMS
B36: PROGRAM: | D36: 180 Day Promo | G36: TERM IN MONTHS: | I36: =VLOOKUP($D$36,$U$2:$V$6,2,0) -> 29 | K36: EQUIPMENT COST: | N36: =Inputs!$C$25 -> 75000
C38: I authorize GreatAmerica (or its designee) to review my credit, confer with the references listed, confirm any information provided and obtain information from any credit reporting agency, all in connection with extending credit and reviewing and collecting on the resulting account.
C41: Signed X | O41: Date
B50: Email completed credit application to GreatAmerica at financesupport@accountservicing.com

Sheet Rates
B2: Ag Leader Promotional Quote Tool Rates/Calculations
B3: Kill Date: | C3: 46387
B4: Trigger: | C4: =IF(TODAY()>C3,1,0) -> 0
B5: Equipment Cost: | C5: =+Inputs!C25 -> 75000
B6: First Payment Due Upfront - Promo for December
B8: Qualifying Ag Leader Subsidy
B9: Annual Payments | C9: Street Rate | D9: Base Payment Factor | E9: Ag Leader Subsidy | F9: Dealer Subsidy | G9: Total Subsidy | H9: Down | I9: Yield
B10: 3 | C10: 0.0199 | D10: 0.339983 | E10: 0.0625 | F10: 0 | G10: =+SUM(E10:F10) -> 0.0625 | H10: 1 | I10: 0.0872
